 Seeded DCSS version 0.25-a0-613-gf4b2665 (webtiles) character file.

Game seed: 6494227084792963015, levelgen mode: deterministic

8824 lyrin the Slicer (level 10, -2/81 HPs)
             Began as a Demigod Conjurer on Mar 17, 2020.
             Slain by a yaktaur (10 damage)
             ... on level 11 of the Dungeon.
             The game lasted 00:24:33 (15477 turns).

lyrin the Slicer (Demigod Conjurer)                Turns: 15477, Time: 00:24:34

Health: -2/81      AC:  7    Str: 17    XL:     10   Next: 93%
Magic:  20/20      EV: 19    Int: 19    God:
Gold:   543        SH:  0    Dex: 16    Spells: 9/18 levels left

rFire    + + .     SeeInvis .   w - +0 rapier (venom)
rCold    x . .     Gourm    .   (no shield)
rNeg     . . .     Faith    .   k - +2 robe {rF+}
rPois    +         Spirit   .   (no helmet)
rElec    .         Reflect  .   q - +1 cloak {rPois}
rCorr    .         Harm     .   (no gloves)
MR       +....                  t - +0 pair of boots
Stlth    ++........             (no amulet)
HPRegen  0.23/turn              s - ring of fire
MPRegen  0.17/turn              A - +3 ring of evasion

@: no status effects
A: high mp 1
a: no special abilities


You were on level 11 of the Dungeon.
You were not hungry.

You visited 1 branch of the dungeon, and saw 11 of its levels.

You collected 543 gold pieces.

Inventory:

Hand Weapons
 j - a +0 short sword
 w - a +0 rapier of venom (weapon)
 E - a +0 whip of electrocution
 F - a +2 dagger of venom
Missiles
 b - 36 poisoned darts (quivered)
 x - a throwing net
Armour
 a - a +0 robe
 d - a +0 helmet
 e - a +0 scale mail
 k - a +2 robe of fire resistance (worn)
 q - a +1 cloak of poison resistance (worn)
 t - a +0 pair of boots (worn)
Jewellery
 f - an uncursed ring of positive energy
 s - a ring of fire (left hand)
 v - an uncursed ring of wizardry
 A - a +3 ring of evasion (right hand)
 G - an uncursed ring of poison resistance
Wands
 g - a wand of paralysis (7)
 I - a wand of digging (5)
Scrolls
 h - 4 scrolls of random uselessness {unknown}
 i - a scroll of enchant armour {unknown}
 l - 4 scrolls of identify {unknown}
 m - 2 scrolls of immolation {unknown}
 n - 8 scrolls of remove curse {unknown}
 p - 2 scrolls of teleportation
 r - 3 scrolls of fear {unknown}
 u - 2 scrolls of amnesia {unknown}
 y - a scroll of summoning {unknown}
 B - 2 scrolls of enchant weapon {unknown}
 D - a scroll of noise {unknown}
 J - a scroll of magic mapping {unknown}
 L - a scroll of vulnerability {unknown}
Potions
 o - 2 potions of flight
 z - 2 potions of stabbing
 C - 2 potions of cancellation {unknown}
 H - 8 potions of degeneration
Comestibles
 c - 15 rations


   Skills:
 + Level 5.2 Fighting
 * Level 11.6 Short Blades
 + Level 0.7 Armour
 + Level 6.1 Dodging
 - Level 3.1 Stealth
 + Level 4.6 Spellcasting
 - Level 5.1 Conjurations
 + Level 0.9 Hexes
 * Level 2.1 Air Magic
 + Level 0.1 Evocations


You had 9 spell levels left.
You knew the following spells:

 Your Spells              Type           Power        Failure   Level  Hunger
a - Magic Dart            Conj           ###.         1%          1    None
b - Fulminant Prism       Conj/Hex       ###.......   34%         4    ####...
c - Airstrike             Air            ##........   47%         4    ####...

Your spell library contained the following spells:

 Spells                   Type           Power        Failure   Level  Hunger
 Shock                    Conj/Air       ###.         2%          1    None
 Searing Ray              Conj           ###...       2%          2    #......
 Static Discharge         Conj/Air       ###.....     9%          3    ###....
 Dazzling Flash           Conj/Hex       ###...       11%         3    ###....
 Swiftness                Chrm/Air       #.......     13%         2    #......
 Iskenderun's Mystic Bla  Conj/Tloc      ##......     41%         4    ####...
 Lightning Bolt           Conj/Air       ###.......   61%         5    ######.


Dungeon Overview and Level Annotations

Branches:
Dungeon (11/15)            Temple (0/1) D:5            Lair (0/6) D:8
    Orc (0/2) D:10

Annotations:
D:10 Snorg


Innate Abilities, Weirdness & Mutations

You have an increased reservoir of magic. (+10% MP)


Message History

The yaktaur hits you!
* * * LOW HITPOINT WARNING * * *
You hit the yaktaur.
The yaktaur looks as sick as possible!
The yaktaur is severely wounded.
The yaktaur barely misses you.
You hit the yaktaur.
The yaktaur looks as sick as possible!
The yaktaur is severely wounded.
The yaktaur hits you!
* * * LOW HITPOINT WARNING * * *
You feel better.
You kill the yaktaur!
The yaktaur wields a +0 arbalest.
The yaktaur shoots a bolt.
The bolt hits you!
* * * LOW HITPOINT WARNING * * *
You puncture the yaktaur!
The yaktaur is moderately wounded.
You hit the yaktaur but do no damage.
The yaktaur looks as sick as possible!
The yaktaur is moderately wounded.
The yaktaur barely misses you.
The yaktaur unwields a +0 arbalest.
The yaktaur hits you!
You die...

..###...####...###
'####...####...#
...#...........#
...#...........#
...#...........# #
.>.#...........# .#
...#######.##..# ##'####
...####.##.##(.##......#
...............(@c.....#
...............c#......#
................#......#
................#......#
.....###...######......#
.....###...##..######...
....................#...
....................# ..
....................#


You could see 2 yaktaurs.

Vanquished Creatures
  Erolcha (D:9)
  A two-headed ogre (D:9)
  Pikel (D:8)
  Psyche (D:9)
  A komodo dragon (D:8)
  A yaktaur (D:11)
  4 trolls
  A hippogriff (D:10)
  Sigmund (D:6)
  2 wyverns (D:10)
  A spriggan (D:7)
  A steam dragon (D:10)
  An acid dragon (D:9)
  2 water moccasins
  3 orc warriors
  2 phantoms (D:7)
  5 ice beasts
  A sky beast (D:9)
  A swamp drake (D:10)
  5 ogres
  A necrophage (D:8)
  A crocodile (D:9)
  4 centaurs
  A big kobold (D:10)
  A wyvern skeleton (D:9)
  A scorpion (D:8)
  3 killer bees (D:9)
  7 howler monkeys
  5 crimson imps
  6 hounds
  4 jellies
  A quasit (D:8)
  8 orc priests
  Crazy Yiuf (D:1)
  A gnoll shaman (D:3)
  Jessica (D:2)
  2 iguanas
  7 worker ants
  8 orc wizards
  3 hound zombies
  A worker ant zombie (D:10)
  Robin (D:2)
  A howler monkey zombie (D:6)
  6 adders
  8 gnolls
  A howler monkey skeleton (D:5)
  2 worms
  2 dart slugs
  7 leopard geckos
  36 orcs
  8 giant cockroaches
  14 goblins
  6 hobgoblins
  A quokka (D:2)
  4 bats
  5 frilled lizards
  9 kobolds
  A leopard gecko skeleton (D:6)
  A quokka skeleton (D:7)
  A rat (D:1)
  A plant (D:8)
218 creatures vanquished.

Vanquished Creatures (others)
  An orc priest (D:8)
  A bullfrog skeleton (D:8)
  A howler monkey zombie (D:8)
  An adder (D:8)
  13 fulminant prisms
  2 plants (D:8)
19 creatures vanquished.

Grand Total: 237 creatures vanquished

Notes
Turn   | Place    | Note
-------+----------+-------------------------------------------
     0 | D:1      | lyrin the Demigod Conjurer began the quest for the Orb.
     0 | D:1      | Reached XP level 1. HP: 14/14 MP: 5/5
   514 | D:1      | Reached XP level 2. HP: 20/20 MP: 1/7
  1697 | D:2      | Noticed Jessica
  1720 | D:2      | Killed Jessica
  1720 | D:2      | Reached XP level 3. HP: 26/26 MP: 1/9
  1875 | D:2      | Found a bloodstained altar of Trog.
  2082 | D:2      | Reached XP level 4. HP: 33/33 MP: 0/10
  2338 | D:2      | Noticed Robin
  2365 | D:2      | Killed Robin
  3238 | D:2      | Found a runed translucent door.
  3239 | D:2      | Noticed Crazy Yiuf
  3367 | D:2      | Reached XP level 5. HP: 38/38 MP: 5/12
  3689 | D:1      | Killed Crazy Yiuf
  4482 | D:3      | You fall into a shaft and drop 1 floor!
  5139 | D:4      | Reached XP level 6. HP: 45/46 MP: 10/14
  5591 | D:5      | Entered Level 5 of the Dungeon
  5607 | D:5      | Found a glowing golden altar of the Shining One.
  5667 | D:5      | Reached skill level 5 in Conjurations
  6249 | D:5      | Found a staircase to the Ecumenical Temple.
  6258 | D:5      | Reached skill level 1 in Short Blades
  6860 | D:6      | Noticed a water moccasin
  6884 | D:6      | HP: 1/46 [water moccasin (8)]
  6888 | D:6      | Killed a water moccasin
  6888 | D:6      | Reached skill level 1 in Fighting
  6888 | D:6      | Reached skill level 2 in Short Blades
  6888 | D:6      | Reached XP level 7. HP: 3/52 MP: 7/16
  7242 | D:6      | Found an ancient bone altar of Kikubaaqudgha.
  7279 | D:6      | Learned a level 4 spell: Fulminant Prism
  7339 | D:6      | Noticed Sigmund
  7409 | D:6      | Killed Sigmund
  7409 | D:6      | Reached skill level 3 in Short Blades
  7659 | D:6      | Reached skill level 4 in Short Blades
  7957 | D:6      | Reached XP level 8. HP: 55/61 MP: 18/18
  8021 | D:6      | Noticed a troll
  8027 | D:6      | Killed a troll
  8027 | D:6      | Reached skill level 5 in Short Blades
  8362 | D:7      | Reached skill level 6 in Short Blades
  8584 | D:7      | Reached skill level 7 in Short Blades
  8641 | D:7      | Reached XP level 9. HP: 56/69 MP: 19/19
  9183 | D:8      | Reached skill level 8 in Short Blades
  9544 | D:8      | Found a staircase to the Lair.
  9594 | D:8      | Noticed a komodo dragon
  9641 | D:8      | Killed a komodo dragon
  9964 | D:8      | Noticed Pikel
  9992 | D:8      | Killed Pikel
  9992 | D:8      | Reached skill level 9 in Short Blades
 10385 | D:8      | Found a stormy altar of Qazlal.
 10495 | D:8      | Found a shadowy altar of Dithmenos.
 11131 | D:9      | Noticed Psyche
 11159 | D:9      | Killed Psyche
 11874 | D:9      | Reached skill level 5 in Dodging
 12030 | D:9      | Found a burning altar of Makhleb.
 12038 | D:9      | Found a shimmering blue altar of Sif Muna.
 12045 | D:9      | Found a hazy altar of Hepliaklqana.
 12065 | D:9      | Found a shimmering altar of Xom.
 12393 | D:9      | Reached skill level 10 in Short Blades
 12397 | D:9      | Reached XP level 10. HP: 63/78 MP: 20/20
 12763 | D:9      | Noticed Erolcha
 12783 | D:9      | Killed Erolcha
 13555 | D:10     | Entered Level 10 of the Dungeon
 13602 | D:10     | Noticed Snorg
 13717 | D:10     | Learned a level 4 spell: Airstrike
 13832 | D:10     | Reached skill level 11 in Short Blades
 13839 | D:10     | HP: 3/80 [Snorg (6)]
 13841 | D:10     | HP: 1/80 [Snorg (1)]
 14537 | D:10     | Noticed a two-headed ogre
 14656 | D:9      | Killed a two-headed ogre
 14656 | D:9      | Reached skill level 1 in Air Magic
 14927 | D:10     | Reached skill level 5 in Fighting
 14978 | D:10     | Found a sparkling altar of Nemelex Xobeh.
 15125 | D:10     | Found a staircase to the Orcish Mines.
 15396 | D:11     | Noticed a red ugly thing
 15477 | D:11     | Slain by a yaktaur

Levels and vault maps discovered:
D:1:      dpeg_arrival_boxorama, layout_loops_ring, minmay_misc_feat_hallway
D:2:      layout_loops_ring, lemuel_crystal_altar, uniq_jessica, uniq_robin,
          uniq_crazy_yiuf_cottage
D:3:      layout_basic, lemuel_doored_altar, portal_sewer_entry_b
D:4:      layout_loops_corners
D:5:      layout_loops_corners, minmay_temple_entry_glass, first_ration,
          basic_altar, corexii_checkpoint_a
D:6:      layout_basic, basic_altar, uniq_sigmund
D:7:      layout_cave_pools, the_bakery
D:8:      layout_basic, nicolae_dithmenos_the_darkroom,
          overflow_temple_1_default, david_lair_shrubbed, uniq_pikel
D:9:      layout_basic, nicolae_overflow_quartered_altars, uniq_psyche,
          uniq_erolcha
D:10:     layout_long_grid, erik_orc_1, nemelex_diamond_rough_becter, uniq_snorg
D:11:     layout_gridville, serial_shops, shop

Skill      XL: |  1  2  3  4  5  6  7  8  9 10 |
---------------+-------------------------------+-----
Conjurations   | 4 5 |  5.1
Spellcasting   | 2 3 4 |  4.6
Dodging        | 2 3 4 5 6 |  6.1
Stealth        | 2 3 |  3.1
Short Blades   | 2 4 7 10 11 | 11.6
Fighting       | 1 3 4 5 |  5.2
Air Magic      | 2 |  2.1
Armour         | |  0.7
Hexes          | |  0.9
Evocations     | |  0.1

Action                   |  1- 3 |  4- 6 |  7- 9 | 10-12 || total
-------------------------+-------+-------+-------+-------++-------
Melee: Unarmed           |    11 |       |       |       ||    11
       Short sword       |       |    12 |       |       ||    12
       Rapier            |       |    71 |   428 |   358 ||   857
 Cast: Magic Dart        |    94 |   149 |       |     2 ||   245
       Fulminant Prism   |       |       |     7 |     6 ||    13
Evoke: Wand              |       |       |     1 |     1 ||     2
  Use: Potion            |       |     4 |       |     5 ||     9
       Scroll            |       |       |       |     2 ||     2
 Stab: Sleeping          |       |     2 |       |     1 ||     3
       Paralysed         |       |       |     3 |       ||     3
       Distracted        |       |       |     1 |       ||     1
       Confused          |       |       |       |     2 ||     2
  Eat: Chunk             |     4 |     8 |    10 |    10 ||    32
       Ration            |       |     2 |     3 |       ||     5
Armor: Robe              |    16 |    25 |    86 |    53 ||   180
       Scale mail        |     2 |       |       |       ||     2
       Skin              |       |     2 |       |       ||     2
Dodge: Dodged            |    44 |   105 |   297 |   280 ||   726

Table legend:
 A = Non-vault XP
 B = Vault XP
 C = Vault XP percentage of total XP
 D = Non-vault monster count
 E = Vault monster count
 F = Vault count percentage of total count
                 A         B        C        D         E       F
            +---------+---------+-------+---------+---------+-------
      Total |    9068 |    3538 |  28.1 |     180 |      37 |  17.1
            +---------+---------+-------+---------+---------+-------
        D:1 |      41 |      40 |  49.4 |      23 |       1 |   4.2
        D:2 |     126 |      71 |  36.0 |      16 |      12 |  42.9
        D:3 |      78 |       0 |   0.0 |       6 |       0 |   0.0
        D:4 |     132 |       0 |   0.0 |       8 |       0 |   0.0
        D:5 |     250 |       3 |   1.2 |      12 |       1 |   7.7
        D:6 |    1291 |     227 |  15.0 |      26 |       1 |   3.7
        D:7 |    1280 |     211 |  14.2 |      21 |       1 |   4.5
        D:8 |     771 |    1045 |  57.5 |      18 |       2 |  10.0
        D:9 |    2603 |    1371 |  34.5 |      27 |       2 |   6.9
       D:10 |    1870 |     570 |  23.4 |      21 |      17 |  44.7
       D:11 |     626 |       0 |   0.0 |       2 |       0 |   0.0
            +---------+---------+-------+---------+---------+-------
